 Dungeon Crawl Stone Soup version 0.32-a0-18-g89e19f1974 (webtiles) character file.

Game seed: 15008945667063868516

123676 Laraso the Bringer of Life (level 16, -8/93 HPs)
             Began as a Vine Stalker Gladiator on Jan 16, 2024.
             Was the Champion of Elyvilon.
             Constricted to death by a shambling mangrove (9 damage)
             ... on level 3 of the Swamp.
             The game lasted 00:50:30 (27777 turns).

Laraso the Bringer of Life (VSGl)                  Turns: 27777, Time: 00:50:31

Health: -8/93      AC: 14    Str: 24    XL:     16   Next: 91%
Magic:  0/24       EV: 16    Int: 13    God:    Elyvilon [******]
Gold:   1087       SH:  0    Dex: 21    Spells: 23/28 levels left

rFire   . . .        d - +0 short sword (flame)
rCold   . . .        (no shield)
rNeg    . . .        s - +0 swamp dragon scales
rPois   +            e - +2 helmet {Int+3}
rElec   .            U - +2 cloak
rCorr   .            I - +2 pair of gloves {Stlth+}
SInv    .            u - +0 pair of boots
Will    ++...        N - amulet of regeneration
Stlth   ++++         h - +6 ring of strength
HPRegen 1.95/turn    t - +4 ring of protection
MPRegen 0.19/turn

%: clarity, guardian spirit
@: grasped by roots, corroded, very slightly contaminated, constricted, studying
Short Blades
A: fangs 3, regeneration 1, magic shield, antimagic bite, no potion heal 2,
iridescent scales 1, clarity, low MP 1, noise suppression
a: Renounce Religion, Purification, Heal Other, Heal Self, Divine Vigour


You were on level 3 of the Swamp.
You worshipped Elyvilon.
Elyvilon was exalted by your worship.
You visited 5 branches of the dungeon, and saw 26 of its levels.

You collected 3015 gold pieces.
You spent 1928 gold pieces at shops.

Inventory:

Hand Weapons
 a - a +0 rapier of venom
 b - the +1 short sword "Foriggarghe" {freeze, rCorr Int-4 Dex+3}
   (You found it on level 12 of the Dungeon)

   Int-4:     It affects your intelligence (-4).
   Dex+3:     It affects your dexterity (+3).
   rCorr:     It protects you from acid and corrosion.
 d - a +0 short sword of flaming (weapon)
 M - the +3 falchion of Destiny {flame, rF+ Dex+2}
   (You found it on level 7 of the Dungeon)

   Dex+2:     It affects your dexterity (+2).
   rF+:       It protects you from fire.
Missiles
 L - 2 throwing nets (quivered)
Armour
 e - a +2 helmet of intelligence (worn)
 s - +0 swamp dragon scales (worn)
 u - a +0 pair of boots (worn)
 A - the +4 ring mail "Nafobb" {Will+}
   (You found it on level 9 of the Dungeon)

   Will+:     It increases your willpower.
 I - a +2 pair of gloves of stealth (worn)
 T - a scarf of resistance
 U - a +2 cloak (worn)
Jewellery
 h - a +6 ring of strength (left hand)
 j - a ring of wizardry
 m - a ring of resist corrosion
 t - a +4 ring of protection (right hand)
 B - a ring of protection from cold
 N - an amulet of regeneration (around neck)
 O - a ring of protection from fire
Wands
 f - a wand of iceblast (36)
 y - a wand of mindburst (6)
 E - a wand of polymorph (8)
 J - a wand of flame (63)
 Q - a wand of light (11)
 R - a wand of paralysis (13)
Scrolls
 c - 3 scrolls of amnesia
 g - 7 scrolls of poison
 i - 3 scrolls of fear
 n - 6 scrolls of vulnerability
 o - 8 scrolls of teleportation
 r - 4 scrolls of immolation
 v - 4 scrolls of silence
 w - 3 scrolls of blinking
 x - 5 scrolls of revelation
 z - 2 scrolls of enchant armour
 H - 3 scrolls of enchant weapon
Potions
 k - 3 potions of ambrosia
 l - 3 potions of berserk rage
 p - 4 potions of haste
 q - a potion of resistance
 C - 3 potions of enlightenment
 D - 4 potions of lignification
 F - 5 potions of attraction
 G - a potion of magic
 K - 2 potions of brilliance
Miscellaneous
 S - a phial of floods


   Skills:
 - Level 14.0 Fighting
 - Level 10.0 Short Blades
 - Level 1.7 Throwing
 - Level 7.0 Armour
 - Level 11.0 Dodging
 - Level 5.0 Stealth
 * Level 6.8 Spellcasting
 - Level 4.0 Conjurations
 - Level 4.0 Translocations
 - Level 4.0 Air Magic
 - Level 4.0 Alchemy
 - Level 14.0 Invocations
 - Level 6.0 Evocations


You had 23 spell levels left.
You knew the following spells:

 Your Spells              Type           Power      Damage    Failure   Level
a - Mephitic Cloud        Conj/Alch/Air  14%        N/A       13%         3
b - Blink                 Tloc           28%        N/A       7%          2

Your spell library contained the following spells:

 Spells                   Type           Power      Damage    Failure   Level
 Apportation              Tloc           28%        N/A       4%          1
 Sting                    Conj/Alch      56%        1d6       4%          1
 Lesser Beckoning         Tloc           28%        N/A       7%          2
 Mercury Vapours          Alch/Air       28%        N/A       7%          2
 Momentum Strike          Conj/Tloc      28%        3d8       7%          2
 Kiss of Death            Conj/Necr      36%        2d8       10%         1
 Necrotise                Necr           16%        1d4       22%         1
 Summon Small Mammal      Summ           16%        N/A       22%         1
 Dazzling Flash           Conj/Hex       18%        N/A       30%         3
 Volatile Blastmotes      Fire/Tloc      18%        2d11      30%         3
 Olgreb's Toxic Radiance  Alch           14%        N/A       41%         4
 Confusing Touch          Hex            4%         N/A       56%         3
 Frozen Ramparts          Ice            8%         1d2       56%         3
 Ozocubu's Armour         Ice            4%         N/A       56%         3
 Summon Ice Beast         Ice/Summ       4%         N/A       56%         3
 Leda's Liquefaction      Alch/Erth      4%         N/A       69%         4
 Petrify                  Alch/Erth      9%         N/A       69%         4
 Freezing Cloud           Conj/Ice/Air   5%         6-21      91%         5
 Dispel Undead            Necr           4%         3d7       92%         4
 Metabolic Englaciation   Hex/Ice        2%         N/A       99%         5
 Summon Mana Viper        Hex/Summ       4%         N/A       99%         5
 Sculpt Simulacrum        Ice/Alch       4%         N/A       100%        6
 Starburst                Conj/Fire      4%         6d4       100%        6
 Monstrous Menagerie      Summ           2%         N/A       100%        7
 Maxwell's Capacitive Co  Air            7%         ∞         100%        8


Dungeon Overview and Level Annotations

Branches:
Dungeon (15/15)            Temple (0/1) D:5            Lair (5/5) D:9
  Swamp (3/4) Lair:2        Snake (1/4) Lair:3        Slime (0/5) Lair:4
    Orc (2/2) D:10            Elf (0/3) Orc:2        Vaults (0/5) D:13
 Depths (0/4) D:15

Altars:
Ashenzari
Cheibriados
Elyvilon
Gozag
Makhleb
Okawaru
Sif Muna
Trog
Uskayaw
Wu Jian
Yredelemnul
Zin

Shops:
D:14 *[   Orc:1 :   Orc:2 [:(*

Annotations:
D:7 exclusion: oklob plant
Orc:1 2 transporters, Mummolef's ghost, journeyman TrSh


Innate Abilities, Weirdness & Mutations

You have razor-sharp teeth.
Your natural rate of healing is unusually fast.
When hurt, damage is shared between your health and your magic reserves.
Your bite disrupts and absorbs the magic of your enemies.
Potions cannot restore your health.
You are partially covered in iridescent scales. (AC +2)
You possess an exceptional clarity of mind.
Your magical capacity is low. (-10% MP)
You passively dampen the noise of your surroundings.


Message History

Press: ? - help, Shift-Dir - straight line, f - goliath frog, p - spriggan druid
Aim: a goliath frog (chance to affect: 43%)
You miscast Mephitic Cloud.
You are very lightly contaminated with residual magic.
Nothing appears to happen.
The grasping roots constrict you. The goliath frog hits you.
The acid corrodes you!
You are splashed with acid!
The spriggan druid is engulfed in noxious fumes.
Unknown command.
Unknown command.
Casting: Mephitic Cloud (dangerous; 13% risk of failure)
Confirm with . or Enter, or press ? or * to list all spells.
Aiming: Mephitic Cloud (dangerous; 13% risk of failure)
Press: ? - help, Shift-Dir - straight line, f/p - goliath frog
Aim: a goliath frog (chance to affect: 43%)
The ball explodes into a vile cloud!
The stinking cloud engulfs the goliath frog.
The stinking cloud engulfs the shambling mangrove.
The shambling mangrove is lightly damaged.
The stinking cloud engulfs you.
The goliath frog is engulfed in noxious fumes.
The goliath frog hits you!
* * * LOW HITPOINT WARNING * * *
You are splashed with acid!
* * * LOW HITPOINT WARNING * * *
The grasping roots constrict you!
* * * LOW HITPOINT WARNING * * *
Unknown command.
Unknown command.
Magic courses through your body.
You feel ready to blink again.
The goliath frog is engulfed in noxious fumes.
The goliath frog hits you!
* * * LOW HITPOINT WARNING * * *
The acid corrodes you!
You are splashed with acid!
* * * LOW HITPOINT WARNING * * *
The spriggan druid laughs at nothing.
The shambling mangrove hits you! Elyvilon protects you from harm!
The grasping roots constrict you!
You die...

.~~~~..~l...♣ ♣♣
.~♣..~~.§...♣♣♣♣.♣♣
.♣........§♣♣.~.~.♣
...~..~....~...~.~♣
.~.....~~.~~~~~.~♣♣
.......§☼§~.~..)~♣♣
.#####☼..~~.~..~~♣
##...##§§i.......♣
#÷..f.##§@..~..~♣♣
#?..#...#Ff~...~.♣
#/F##...'§....♣~♣♣
.... #.......[~♣♣♣
~..##.....##..§~.~♣
~~..
##.......♣♣..♣♣ ~~~
#####..♣....~♣ ~♣
..♣ ..~.♣.♣ ..♣♣
...!~~~


You could see a shambling mangrove, a spriggan druid (confused) and a goliath
frog.

Vanquished Creatures
  Jorgrun (D:12)
  A kraken (Swamp:2)
  Gastronok (Lair:3)
  An orc warlord (Orc:1)
  A bunyip (Swamp:2)
  An eleionoma (Swamp:3)
  An entropy weaver (shapeshifter) (D:15)
  8 vault guards
  6 hydras
  A ghost crab (Swamp:1)
  A catoblepas (Lair:5)
  Erolcha (D:13)
  2 anacondas (Snake:1)
  10 alligators
  A death knight (D:14)
  6 two-headed ogres
  5 centaur warriors
  4 boulder beetles
  A tengu warrior (D:15)
  2 naga warriors (Snake:1)
  3 orc high priests (Orc:2)
  A vampire mage (D:15)
  2 shock serpents (Snake:1)
  A storm dragon zombie (D:15)
  Nergalle (Lair:3)
  7 skeletal warriors
  2 skysharks (Lair:5)
  3 goliath frogs
  A mana viper (Snake:1)
  A naga ritualist (Snake:1)
  2 swamp dragons
  4 bog bodies
  A necromancer (D:15)
  6 orc knights
  An orc sorcerer (Orc:1)
  2 deep elf pyromancers
  7 ugly things
  An oklob plant (Lair:4)
  5 cyclopes
  Maurice (Orc:2)
  A will-o-the-wisp (Swamp:2)
  15 elephants
  2 manticores
  A salamander (Snake:1)
  5 kobold blastminers (Orc:2)
  Joseph (D:8)
  3 naga magi (Snake:1)
  4 molten gargoyles (D:10)
  19 cane toads
  18 black mambas
  2 gargoyles
  3 unseen horrors
  5 rime drakes
  10 komodo dragons
  A freezing wraith (D:14)
  A tengu conjurer (D:15)
  A queen bee (shapeshifter) (D:14)
  A polar bear (Lair:2)
  9 tyrant leeches
  7 trolls
  4 hornets
  Grinder (D:6)
  20 blink frogs
  5 dream sheep (Lair:5)
  16 slime creatures
  A vampire (D:11)
  A spriggan skeleton (D:15)
  A shadow (D:11)
  A centaur simulacrum (D:14)
  Sigmund (D:5)
  7 wyverns
  3 spriggans (Swamp:2)
  2 wraiths (D:14)
  67 yaks
  6 basilisks
  6 wargs
  3 steam dragons
  7 vampire mosquitoes
  7 swamp worms
  13 water moccasins
  7 nagas
  Duvessa (D:5)
  A black bear (shapeshifter) (D:13)
  18 orc warriors
  2 ice beasts
  13 wolves
  7 ogres
  15 centaurs
  2 kobold brigands
  16 bullfrogs
  3 gnoll sergeants
  2 scorpions (D:5)
  Dowan (D:5)
  7 electric eels
  2 howler monkeys
  4 jellies (D:7)
  6 orc priests
  4 hounds
  3 iguanas
  9 orc wizards
  4 hell rats (Lair:2)
  8 adders
  19 gnolls
  A shadow imp (D:5)
  3 white imps
  3 ribbon worms
  40 orcs
  3 ball pythons
  3 bats (D:1)
  18 endoplasms
  6 giant cockroaches
  9 goblins
  7 hobgoblins
  15 kobolds
  4 quokkas
  7 frilled lizards (D:1)
  8 rats
  6 tentacles (Swamp:2)
675 creatures vanquished.

Vanquished Creatures (others)
  4 bloated husks
  A centaur (D:15)
  An orc (D:8)
  4 foxfires (Swamp:2)
  27 tentacles (Swamp:2)
37 creatures vanquished.

Grand Total: 712 creatures vanquished

Notes
Turn   | Place    | Note
-------+----------+-------------------------------------------
     0 | D:1      | Laraso the Vine Stalker Gladiator began the quest for the
                  | Orb.
     0 | D:1      | Reached XP level 1. HP: 11/11 MP: 2/2
   113 | D:1      | Reached XP level 2. HP: 15/15 MP: 3/3
   418 | D:1      | Reached XP level 3. HP: 18/18 MP: 2/4
  1009 | D:2      | Reached XP level 4. HP: 23/23 MP: 5/5
  1379 | D:3      | Found an opulent altar of Gozag.
  1476 | D:3      | Reached skill level 5 in Short Blades
  1476 | D:3      | Reached XP level 5. HP: 16/26 MP: 6/6
  1647 | D:3      | Found a white marble altar of Elyvilon.
  1674 | D:3      | Became a worshipper of Elyvilon the Healer
  1735 | D:3      | Found a burning altar of Makhleb.
  1837 | D:3      | Found a shimmering blue altar of Sif Muna.
  1843 | D:3      | Found a bloodstained altar of Trog.
  2137 | D:4      | Identified the +10 spear of the Sky {antimagic, *Corrode
                  | Dex+4}
  2138 | D:4      | Found an ornate altar of the Wu Jian Council.
  2330 | D:4      | Reached * piety under Elyvilon
  2341 | D:4      | Reached skill level 1 in Invocations
  2376 | D:4      | Reached XP level 6. HP: 29/30 MP: 5/8
  3100 | D:5      | Entered Level 5 of the Dungeon
  3114 | D:5      | Found an iron altar of Okawaru.
  3195 | D:5      | Noticed Sigmund
  3212 | D:5      | Killed Sigmund
  3213 | D:5      | Reached XP level 7. HP: 34/34 MP: 8/10
  3239 | D:5      | Reached ** piety under Elyvilon
  3360 | D:5      | Noticed Duvessa
  3360 | D:5      | Noticed Dowan
  3376 | D:5      | Killed Duvessa
  3381 | D:5      | Killed Dowan
  3508 | D:5      | Found a staircase to the Ecumenical Temple.
  3593 | D:5      | Gained mutation: You have razor-sharp teeth. [Vine Stalker
                  | growth]
  3593 | D:5      | Reached XP level 8. HP: 17/38 MP: 10/12
  4039 | D:5      | Found a glowing silver altar of Zin.
  4184 | D:6      | Found a basalt altar of Yredelemnul.
  4257 | D:6      | Noticed a +0 dagger
  4262 | D:6      | Noticed a +0 hand axe
  4277 | D:6      | Found a hide-covered altar of Uskayaw.
  4286 | D:6      | Reached *** piety under Elyvilon
  4461 | D:6      | Reached skill level 5 in Invocations
  4552 | D:6      | Noticed Grinder
  4571 | D:6      | Killed Grinder
  5030 | D:7      | Reached XP level 9. HP: 42/42 MP: 14/14
  5035 | D:7      | Identified the +3 falchion of Destiny {flame, rF+ Dex+2}
  5088 | D:7      | Reached **** piety under Elyvilon
  5523 | D:7      | Noticed an oklob plant
  5852 | D:8      | Reached skill level 10 in Short Blades
  5998 | D:8      | Reached skill level 1 in Armour
  5998 | D:8      | Reached XP level 10. HP: 47/47 MP: 17/17
  6041 | D:8      | Reached ***** piety under Elyvilon
  6056 | D:8      | Noticed a two-headed ogre
  6069 | D:8      | Killed a two-headed ogre
  6251 | D:8      | Noticed Joseph
  6267 | D:8      | Killed Joseph
  6749 | D:9      | Identified the +4 ring mail "Nafobb" {Will+}
  7075 | D:9      | Reached skill level 5 in Armour
  7099 | D:9      | Reached skill level 10 in Invocations
  7354 | D:9      | Found a staircase to the Lair.
  7437 | D:9      | Reached skill level 1 in Stealth
  7557 | D:10     | Entered Level 10 of the Dungeon
  7777 | D:10     | Reached XP level 11. HP: 44/51 MP: 15/19
  7897 | D:10     | Noticed a manticore
  7915 | D:10     | Killed a manticore
  7965 | D:10     | Reached skill level 5 in Stealth
  8034 | D:10     | Found a staircase to the Orcish Mines.
  8054 | D:10     | Found a broken altar of Ashenzari.
  8142 | D:10     | Learned a level 2 spell: Blink
  8161 | D:10     | Reached skill level 1 in Evocations
  8878 | D:11     | Reached ****** piety under Elyvilon
  8937 | D:11     | Noticed a two-headed ogre
  8955 | D:11     | Killed a two-headed ogre
  8998 | D:11     | Noticed a two-headed ogre
  9520 | D:11     | Killed a two-headed ogre
  9721 | D:12     | Noticed a manticore
  9725 | D:12     | Reached skill level 5 in Evocations
  9726 | D:12     | Noticed a cyclops
  9742 | D:12     | Killed a manticore
  9755 | D:12     | Killed a cyclops
  9770 | D:12     | Identified the +1 short sword "Foriggarghe" {freeze, rCorr
                  | Int-4 Dex+3}
  9774 | D:12     | Noticed a green ugly thing
  9829 | D:12     | Noticed Jorgrun
  9848 | D:12     | Noticed a two-headed ogre
  9903 | D:12     | Killed Jorgrun
  9904 | D:12     | Reached XP level 12. HP: 18/56 MP: 10/22
 10220 | D:12     | Noticed a two-headed ogre
 10224 | D:12     | Noticed a two-headed ogre
 10242 | D:12     | Killed a two-headed ogre
 10252 | D:12     | Killed a two-headed ogre
 10476 | D:12     | Found a shimmering blue altar of Sif Muna.
 10736 | Lair:1   | Entered Level 1 of the Lair of Beasts
 10941 | Lair:1   | Reached skill level 5 in Fighting
 11202 | Lair:1   | Noticed a boulder beetle
 11222 | Lair:1   | Killed a boulder beetle
 12033 | Lair:2   | Found a glowing silver altar of Zin.
 12050 | Lair:2   | Reached XP level 13. HP: 59/67 MP: 24/24
 12204 | Lair:2   | Identified the +0 leather armour "Rurafiv" {^Contam rF+
                  | Dex+5 SInv}
 12381 | Lair:2   | Found a staircase to the Swamp.
 12901 | Lair:3   | Found a staircase to the Snake Pit.
 13017 | Lair:3   | Noticed Sonja
 13026 | Lair:3   | Sonja changed into something unseen
 13064 | Lair:3   | Killed Sonja the unseen horror
 13098 | Lair:3   | Noticed Gastronok
 13113 | Lair:3   | Killed Gastronok
 13114 | Lair:3   | Reached skill level 10 in Fighting
 13425 | Lair:3   | Noticed Nergalle
 13455 | Lair:3   | Killed Nergalle
 13539 | Lair:3   | Identified the +3 ring mail of Spite {Stlth+}
 14769 | Lair:4   | Found a staircase to the Slime Pits.
 15371 | Lair:5   | Entered Level 5 of the Lair of Beasts
 15423 | Lair:5   | Reached XP level 14. HP: 80/80 MP: 25/25
 15464 | Lair:5   | HP: 4/80 [skyshark (7)]
 15953 | Lair:5   | Reached skill level 5 in Dodging
 16995 | Lair:5   | Reached skill level 1 in Spellcasting
 16995 | Lair:5   | Reached skill level 1 in Translocations
 17060 | Lair:5   | Identified the +1 falchion of the Curious Portals {flame,
                  | rF+ Str+6}
 17739 | D:13     | Reached XP level 15. HP: 43/84 MP: 24/26
 17873 | D:13     | Noticed Erolcha
 17889 | D:13     | Killed Erolcha
 18198 | D:13     | Found a gate to the Vaults.
 18508 | D:12     | HP: 4/85 [poisoned by a skeletal warrior]
 19349 | Orc:1    | Entered Level 1 of the Orcish Mines
 19523 | Orc:1    | Noticed Mummolef's ghost (journeyman TrSh)
 19559 | Orc:1    | Found a transporter.
 19562 | Orc:1    | Found a transporter.
 19571 | Orc:1    | Found Icsut's Self-Improvement Boutique.
 19883 | Orc:2    | Entered Level 2 of the Orcish Mines
 19883 | Orc:2    | Noticed an orc warlord
 19883 | Orc:2    | Found Mifuf's Antique Weapon Emporium.
 20061 | Orc:1    | HP: 3/82 [orc warlord/+2 glaive of flaming (14)]
 20061 | Orc:1    | Elyvilon protects you from harm!
 20065 | Orc:1    | Killed an orc warlord
 20291 | Orc:2    | Found Buzoplyh's General Store.
 20436 | Orc:2    | Found a staircase to the Elven Halls.
 20551 | Orc:2    | Found Peneet's Antique Armour Shop.
 20589 | Orc:2    | Bought a runed scarf for 288 gold pieces
 20615 | Orc:2    | Found an iron altar of Okawaru.
 20642 | Orc:2    | Found Ylucwum's Book Emporium.
 20827 | Orc:2    | Noticed Maurice
 20836 | Orc:2    | Maurice stole the +3 falchion of Destiny {flame, rF+ Dex+2}
 20837 | Orc:2    | Killed Maurice
 21249 | Orc:2    | Identified a scroll of acquirement
 21249 | Orc:2    | Acquired a +1 helmet of intelligence
 21324 | Orc:2    | Bought a runed short sword for 180 gold pieces
 21359 | Orc:1    | Bought a manual of Short Blades for 1280 gold pieces
 21598 | D:14     | Found Irghasmo's General Store.
 21684 | D:14     | Bought a scroll of identify for 36 gold pieces
 21684 | D:14     | Bought a potion of magic for 144 gold pieces
 21834 | D:14     | Found Cheibriados's Comfort Zone.
 21834 | D:14     | Found a snail-covered altar of Cheibriados.
 22569 | D:15     | Entered Level 15 of the Dungeon
 22779 | D:15     | Found a staircase to the Depths.
 22890 | D:15     | Reached XP level 16. HP: 47/93 MP: 27/27
 23045 | D:15     | Reached skill level 10 in Dodging
 23866 | Snake:1  | Entered Level 1 of the Snake Pit
 24165 | Snake:1  | Gained mutation: You passively dampen the noise of your
                  | surroundings. [potion of mutation]
 24165 | Snake:1  | Gained mutation: You are vulnerable to heat. (rF-) [potion
                  | of mutation]
 24165 | Snake:1  | Gained mutation: Your body sometimes deteriorates upon
                  | taking damage. [potion of mutation]
 24166 | Snake:1  | Lost mutation: You are vulnerable to heat. (rF-) [potion of
                  | mutation]
 24166 | Snake:1  | Lost mutation: Your body sometimes deteriorates upon taking
                  | damage. [potion of mutation]
 24166 | Snake:1  | Gained mutation: You are partially covered in iridescent
                  | scales. (AC +2) [potion of mutation]
 24166 | Snake:1  | Gained mutation: Your magical capacity is low. (-10% MP)
                  | [potion of mutation]
 24166 | Snake:1  | Gained mutation: You possess an exceptional clarity of
                  | mind. [potion of mutation]
 24491 | Snake:1  | Learned a level 3 spell: Mephitic Cloud
 24892 | Snake:1  | Reached skill level 1 in Conjurations
 24892 | Snake:1  | Reached skill level 1 in Air Magic
 24892 | Snake:1  | Reached skill level 1 in Alchemy
 25582 | Swamp:1  | Entered Level 1 of the Swamp
 26390 | Swamp:1  | Reached skill level 5 in Spellcasting
 26931 | Swamp:2  | Noticed a kraken
 26946 | Swamp:2  | Paralysed by a hornet for 3 turns
 27251 | Swamp:2  | Killed a kraken
 27719 | Swamp:3  | Identified the +8 flail "Tosylirch" {flame, rN++ Dex-5
                  | Stlth+}
 27776 | Swamp:3  | HP: 2/93 [constriction (7)]
 27777 | Swamp:3  | Elyvilon protects you from harm!
 27777 | Swamp:3  | Constricted to death by a shambling mangrove

Illustrated notes

Levels and vault maps discovered:
D:1:      lemuel_arrival_behind_the_door_large, layout_basic
D:2:      minmay_angry_zag, layout_loops_ring
D:3:      layout_basic, hellmonk_overflow_destroyed_library,
          nicolae_overflow_crystal_walls, nicolae_gozag_seed_capital,
          lemuel_tele_altar
D:4:      minmay_recursive_quarters, layout_basic, lemuel_round_altar
D:5:      layout_loops_corners, zin_treasury, mainiacjoe_overflow_tiny_flanked,
          minmay_temple_entry_mini_moons, kennysheep_small_circle, uniq_sigmund,
          uniq_duvessa
D:6:      layout_basic, dancing_weapons_uskayaw,
          mainiacjoe_overflow_surrounded_room, kennysheep_flooded_box,
          uniq_grinder
D:7:      lemuel_slime, layout_gridville
D:8:      layout_rooms, nicolae_two_hexagons, uniq_joseph
D:9:      layout_basic, lair_entry_dummy
D:10:     layout_irregular_city, nicolae_ashenzari_skybound, orc_0_dummy,
          serial_bayou, serial_bayou_lagoon_a, serial_bayou_pond_d,
          serial_bayou_pond_a, serial_bayou_pond_c, serial_bayou_crossing,
          minivault_8
D:11:     layout_stronghold, minmay_puff
D:12:     layout_cave_pools, st_stairs_13, led_sif_pool, uniq_jorgrun
D:13:     layout_basic, erik_vaults_2, uniq_erolcha
D:14:     layout_stronghold, serial_shops, shop, serial_rivers,
          chequers_serial_rivers_micro_b, chequers_serial_rivers_micro_a,
          chequers_serial_rivers_marsh, chequers_serial_rivers_small_b,
          chequers_serial_rivers_small_b, nicolae_figureground_sparkle,
          minmay_shop_chei
D:15:     gammafunk_depths_entry_grave, layout_basic, minmay_misc_feat_room
Lair:1:   layout_cave_pods, grunt_megastairs_1
Lair:2:   layout_big_grid, skrybe_swamp_entry_bodies, basic_altar,
          hibernation_bobbens
Lair:3:   layout_gridlike, guppyfry_snake_entry_island, uniq_sonja,
          uniq_nergalle, uniq_gastronok
Lair:4:   layout_cave_pods, minmay_slime_entry_oklob_open
Lair:5:   minmay_lair_end_frog_pond, layout_small_grid
Swamp:1:  layout_basic_swamp, serial_swamp_ruin, hangedman_swamp_ruin_wall,
          evilmike_swamp_ruin_rubble_2
Swamp:2:  layout_basic_swamp, evilmike_swamp_ruin_house_2, roderic_carrion_pond,
          nicolae_swamp_thats_no_hydra
Swamp:3:  layout_falls_marsh, evilmike_swamp_ruin_house_3, swamp_pool_1_2,
          infiniplex_staircase_pool_2
Snake:1:  layout_chambers, serial_bayou_shore_b, nicolae_integral_box
Orc:1:    layout_caves, gammafunk_ghost_arena, nicolae_shop_self_help
Orc:2:    grunt_orc_gardens, layout_caves, grunt_orc_garden, grunt_orc_garden,
          grunt_orc_garden, grunt_orc_garden, okawaru_metal_pillars_3,
          uniq_maurice

Skill      XL: |  1  2  3  4  5  6  7  8  9 10 11 12 13 14 15 16 |
---------------+-------------------------------------------------+-----
Short Blades   | 3 4 5 6 7 8 10 | 10.0
Invocations    | 1 3 4 6 8 10 12 14 | 14.0
Fighting       | 2 7 12 14 | 14.0
Armour         | 1 5 7 |  7.0
Stealth        | 3 5 |  5.0
Evocations     | 6 |  6.0
Dodging        | 8 9 11 | 11.0
Spellcasting   | 2 4 6 |  6.8
Translocations | 2 4 |  4.0
Conjurations   | 4 |  4.0
Air Magic      | 4 |  4.0
Alchemy        | 4 |  4.0
Throwing       | |  1.7

Action                     |  1- 3 |  4- 6 |  7- 9 | 10-12 | 13-15 | 16-18 || total
---------------------------+-------+-------+-------+-------+-------+-------++-------
  Melee: Rapier            |    75 |       |       |       |       |       ||    75
         Bite              |    17 |    63 |   125 |   474 |  1379 |   505 ||  2563
         Short sword       |    11 |   154 |   308 |   971 |  2674 |  1086 ||  5204
         Punch             |       |     1 |    10 |    19 |    46 |    17 ||    93
  Throw: Throwing net      |     2 |       |       |     1 |       |       ||     3
   Cast: Blink             |       |       |       |       |     1 |     1 ||     2
         Mephitic Cloud    |       |       |       |       |       |     2 ||     2
 Invoke: Heal Self         |       |       |       |     4 |     5 |     2 ||    11
         Purification      |       |       |       |       |     1 |       ||     1
  Evoke: Wand              |       |       |       |    13 |     6 |     2 ||    21
    Use: Potion            |       |     2 |       |       |     3 |     9 ||    14
         Scroll            |       |       |     6 |     6 |    14 |     4 ||    30
   Stab: Sleeping          |     2 |     1 |     3 |     5 |    11 |     4 ||    26
         Held in net/web   |     1 |       |       |       |       |       ||     1
         Invisible         |       |       |       |     5 |       |       ||     5
         Distracted        |       |       |       |     1 |     1 |       ||     2
 Armour: Leather armour    |    28 |    62 |    37 |       |       |       ||   127
         Steam dragon scal |       |       |    66 |    41 |       |       ||   107
         Ring mail         |       |       |       |   428 |  1396 |   700 ||  2524
         Swamp dragon scal |       |       |       |       |       |    90 ||    90
  Dodge: Dodged            |    49 |    51 |    92 |   315 |  1080 |   907 ||  2494
  Block: Other             |     2 |    17 |    40 |    74 |       |       ||   133
         Reflection        |       |     2 |     1 |     3 |       |       ||     6

Table legend: (Time is in decaauts)
 A = Elapsed time spent in this place.
 B = Non-inter-level travel time spent in this place.
 C = Inter-level travel time spent in this place.
 D = Time resting spent in this place.
 E = Time spent auto-exploring this place.
 F = Levels seen in this place.
 G = Mean time per level.
                   A        B        C        D        E       F      G
               +--------+--------+--------+--------+--------+-----+--------+
         Total |  25414 |  23544 |   1870 |   1167 |  16299 |  26 |  977.5 |
       Dungeon |  13939 |  12963 |    976 |    401 |   9642 |  15 |  929.3 |
          Lair |   6347 |   5759 |    588 |    320 |   3744 |   5 | 1269.4 |
         Swamp |   1722 |   1637 |     85 |    186 |    784 |   3 |  574.0 |
     Snake Pit |   1544 |   1455 |     89 |     46 |   1115 |   1 | 1544.0 |
  Orcish Mines |   1860 |   1729 |    131 |    214 |   1014 |   2 |  930.0 |
               +--------+--------+--------+--------+--------+-----+--------+

Top non-repeatable levels by time:
  Lair:5: 1690 daAuts
 Snake:1: 1544 daAuts
  Lair:3: 1351 daAuts
    D:13: 1270 daAuts
     D:9: 1237 daAuts
    D:11: 1205 daAuts
  Lair:1: 1204 daAuts
  Lair:4: 1175 daAuts
    D:14: 1051 daAuts
    D:10: 1013 daAuts
   Orc:2: 1012 daAuts
     D:5: 1008 daAuts
    D:12: 1003 daAuts
     D:4: 1002 daAuts
 Swamp:2: 993 daAuts
